 Dungeon Crawl Stone Soup version 0.31-a0-702-gf82c85558f (webtiles) character file.

Game seed: 5276388232227360213

2743 qw the Skirmisher (level 9, 0/57 HPs)
             Began as a Gargoyle Hunter on Sept 7, 2023.
             Was a Believer of Okawaru.
             Slain by a wight
             ... wielding a +0 trident
              (6 damage)
             ... on level 7 of the Dungeon.
             The game lasted 00:02:37 (5381 turns).

qw the Skirmisher (Gargoyle Hunter)                 Turns: 5381, Time: 00:02:38

Health: 0/57       AC: 19    Str: 16    XL:     9   Next: 68%
Magic:  11/12      EV: 15    Int:  9    God:    Okawaru [**....]
Gold:   707        SH:  0    Dex: 17    Spells: 8/8 levels left

rFire   + + .        Y - +0 orcbow
rCold   . . .        (shield currently unavailable)
rNeg    + . .        a - +1 ring mail {rF+}
rPois   inf          (no helmet)
rElec   +            e - +0 cloak
rCorr   .            (no gloves)
SInv    .            c - +2 pair of boots
Will    +....        (no amulet)
Stlth   +++          h - ring of protection from fire
HPRegen 0.29/turn    l - ring of willpower
MPRegen 0.13/turn

%: no passive effects
@: heroic
A: sickness immunity, AC +6, negative energy resistance 1, electricity
resistance, torment resistance 1, petrification resistance, subdued magic 1
a: Renounce Religion, Heroism


You were on level 7 of the Dungeon.
You worshipped Okawaru.
Okawaru was pleased with you.
You visited 2 branches of the dungeon, and saw 8 of its levels.

You collected 903 gold pieces.
You spent 196 gold pieces at shops.


Innate Abilities, Weirdness & Mutations

You are immune to sickness and miasma.
Your stone body is resilient. (AC +6)
You are immune to poison.
You resist negative energy. (rN+)
You are resistant to electric shocks. (rElec)
You are resistant to unholy torment.
You are immune to petrification.
Your spells are a little easier to cast, but a little less powerful.


   Skills:
 - Level 7.0(12.0) Fighting
 + Level 10.5(15.5) Ranged Weapons
 - Level 3.2(8.2) Armour
 - Level 3.0(8.0) Dodging
 - Level 1.1(6.1) Stealth
 - Level 4.0 Invocations


You had 8 spell levels left.
You didn't know any spells.
Your spell library was empty.

Inventory:

Hand Weapons
 Y - a +0 orcbow (weapon)
Armour
 a - a +1 ring mail of fire resistance (worn)
 c - a +2 pair of boots (worn)
 e - a +0 cloak (worn)
Jewellery
 h - a ring of protection from fire (left hand)
 l - a ring of willpower (right hand)
Scrolls
 k - 4 scrolls of identify
Potions
 b - a potion of might
 f - 3 potions of haste
 j - a potion of mutation
 n - 5 potions of curing

Dungeon Overview and Level Annotations

Branches:
Dungeon (7/15)             Temple (1/1) D:5

Altars:
Ashenzari
Cheibriados
Dithmenos
Elyvilon
Fedhas
Gozag
Hepliaklqana
Makhleb
Nemelex Xobeh
Okawaru
Qazlal
Ru
Sif Muna
Trog
Uskayaw
Vehumet
Wu Jian
Xom
Yredelemnul

Shops:
D:3 !   D:6 :


Message History

You shoot an arrow. The arrow hits the wight.
The wight is lightly damaged.
The wight hits you but does no damage. The kobold hits you with a +0 whip.
The kobold hits you but does no damage. The wight closely misses you.
You shoot an arrow.
The arrow hits the wight but does no damage.
The wight is lightly damaged.
The wight closely misses you. The kobold barely misses you.
The wight closely misses you.
You shoot an arrow. The arrow closely misses the wight.
The arrow hits the wight.
The wight is moderately damaged.
The wight hits you with a +0 battleaxe! The kobold misses you.
The wight closely misses you.
5375 ||| DRINKING potion of heal wounds.
You feel much better. The wight misses you. The kobold barely misses you.
The wight hits you with a +0 great sword.
The wight misses you.
You shoot an arrow. The arrow hits the wight.
The wight is moderately damaged.
You shoot an arrow.
The arrow hits the wight but does no damage.
The wight is moderately damaged.
The wight hits you with a +0 battleaxe! The kobold hits you but does no damage.
The wight misses you. The wight hits you but does no damage.
You shoot an arrow. The arrow closely misses the wight.
The wight barely misses you. The kobold barely misses you.
The wight hits you with a +0 great sword.
The wight barely misses you.
You shoot an arrow. The arrow closely misses the wight.
The wight hits you but does no damage. The kobold misses you.
The wight hits you with a +0 great sword!
The wight hits you but does no damage.
You shoot an arrow. The arrow hits the wight.
The wight is heavily damaged.
The wight closely misses you. The kobold misses you. The wight misses you.
You shoot an arrow. The arrow closely misses the wight.
The wight hits you from afar with a +0 trident.
You die...

#.. ....# #.. ...
#.## ##.## +..####
####.... #...#.##
##.#..... #K)....+
#........ #zK...##
##.......
#zzK...###........
#@K###..#..#.....#
#######...##.....#
#....#........#
#....#........#
#....#........#
#....#........#
#....#........#
###############


You could see 3 wights and 4 kobolds.

Vanquished Creatures
  A slime creature (D:6)
  A water moccasin (D:7)
  An orc warrior (D:6)
  A black bear (D:6)
  A sky beast (D:6)
  2 ogres (D:5)
  A centaur (D:5)
  5 kobold brigands
  3 bullfrogs
  3 scorpions
  8 wights
  2 orc priests
  3 hounds (D:6)
  4 jellies
  2 sleepcaps (D:5)
  7 iguanas
  7 orc wizards
  4 adders
  An ufetubus (D:6)
  3 worms
  2 dart slugs
  24 orcs
  8 bats
  15 endoplasms
  3 giant cockroaches
  6 goblins
  6 hobgoblins
  5 quokkas
  6 ball pythons
  6 frilled lizards
  14 kobolds
  4 rats
159 creatures vanquished.

Notes
Turn   | Place    | Note
-------+----------+-------------------------------------------
     0 | D:1      | qw the Gargoyle Hunter began the quest for the Orb.
     0 | D:1      | Reached XP level 1. HP: 12/12 MP: 1/1
     0 | D:1      | 0 ||| qw: Version: 0.3-a-76-g4403597
     0 | D:1      | 0 ||| qw: Game counter: 860
     0 | D:1      | 0 ||| qw: Melee chars always use a shield: true
     0 | D:1      | 0 ||| qw: God list: Okawaru
     0 | D:1      | 0 ||| qw: Allow faded altars: false
     0 | D:1      | 0 ||| qw: Do Orc after clearing Dungeon:15 true
     0 | D:1      | 0 ||| qw: Do second Lair branch before Depths: true
     0 | D:1      | 0 ||| qw: Lair rune preference: random
     0 | D:1      | 0 ||| qw: Goals: Normal
     0 | D:1      | 0 ||| PLANNING D:1-11
    74 | D:1      | Reached XP level 2. HP: 15/17 MP: 2/2
   343 | D:1      | Reached XP level 3. HP: 21/21 MP: 3/3
   348 | D:1      | 348 ||| DROPPING +1 heavy sling.
   544 | D:1      | Reached skill level 5 in Ranged Weapons
   784 | D:1      | Found a faded altar of an unknown god.
   947 | D:1      | 947 ||| READING scroll labelled YVUIPPALAG.
   948 | D:1      | 948 ||| READING scroll labelled POHUOL XO ITI LUWN.
   949 | D:1      | 949 ||| READING 2 scrolls labelled MAARCH NEONNITOPP.
  1050 | D:1      | 1050 ||| READING scroll labelled PYRO KAYFURGH.
  1051 | D:1      | 1051 ||| DRINKING 2 fuming pink potions.
  1052 | D:1      | 1052 ||| DRINKING 2 clear potions.
  1052 | D:1      | Gained mutation: Your spells are a little easier to cast,
                  | but a little less powerful. [potion of mutation]
  1053 | D:1      | 1053 ||| DROPPING scroll of butterflies.
  1054 | D:1      | 1054 ||| DROPPING scroll of silence.
  1616 | D:2      | Reached skill level 3 in Fighting
  1638 | D:2      | 1638 ||| UPGRADING to +0 cloak.
  1643 | D:2      | 1643 ||| UPGRADING to +0 ring mail.
  1653 | D:2      | 1653 ||| DROPPING +0 leather armour.
  1654 | D:2      | 1654 ||| UPGRADING to ring of protection from fire.
  1655 | D:2      | 1655 ||| READING 4 scrolls labelled RAQYDA INKIJIET.
  1656 | D:2      | 1656 ||| DROPPING 3 scrolls of revelation.
  1681 | D:3      | Reached XP level 4. HP: 28/28 MP: 4/4
  1854 | D:3      | Reached skill level 1 in Armour
  1983 | D:3      | Found Riof's Distillery.
  1998 | D:3      | 1998 ||| Stepping ~*~*~tactically~*~*~ (retreating).
  1999 | D:3      | 1999 ||| Stepping ~*~*~tactically~*~*~ (retreating).
  2001 | D:3      | 2001 ||| Stepping ~*~*~tactically~*~*~ (retreating).
  2002 | D:3      | 2002 ||| Stepping ~*~*~tactically~*~*~ (retreating).
  2003 | D:3      | 2003 ||| Stepping ~*~*~tactically~*~*~ (retreating).
  2004 | D:3      | 2004 ||| Stepping ~*~*~tactically~*~*~ (retreating).
  2005 | D:3      | 2005 ||| Stepping ~*~*~tactically~*~*~ (retreating).
  2087 | D:3      | Reached XP level 5. HP: 32/32 MP: 5/5
  2132 | D:3      | 2132 ||| BUYING potion of curing (42 gold).
  2132 | D:3      | Bought a potion of curing for 42 gold pieces
  2132 | D:3      | 2132 ||| BUYING potion of curing (42 gold).
  2132 | D:3      | Bought a potion of curing for 42 gold pieces
  2132 | D:3      | 2132 ||| BUYING potion of curing (42 gold).
  2132 | D:3      | Bought a potion of curing for 42 gold pieces
  2132 | D:3      | 2132 ||| BUYING potion of heal wounds (70 gold).
  2132 | D:3      | Bought a potion of heal wounds for 70 gold pieces
  2132 | D:3      | 2132 ||| SHOPLISTING potion of might (56 gold, have 7).
  2132 | D:3      | 2132 ||| UPGRADING to +2 pair of boots.
  2137 | D:3      | 2137 ||| UPGRADING to ring of willpower.
  2138 | D:3      | 2138 ||| READING scroll labelled KIEVVEALOI.
  2139 | D:3      | 2139 ||| DRINKING 2 glowing white potions.
  2140 | D:3      | 2140 ||| READING 3 scrolls of identify.
  2140 | D:3      | 2140 ||| IDENTIFYING bubbling purple potion
  2141 | D:3      | 2141 ||| READING 2 scrolls of identify.
  2141 | D:3      | 2141 ||| IDENTIFYING lumpy sapphire potion
  2142 | D:3      | 2142 ||| DROPPING potion of degeneration.
  2143 | D:3      | 2143 ||| DROPPING potion of brilliance.
  2207 | D:4      | Reached skill level 6 in Ranged Weapons
  2284 | D:4      | Found a broken altar of Ashenzari.
  2388 | D:4      | 2388 ||| READING scroll labelled CUSEOB JIDGHOUR.
  2392 | D:5      | Entered Level 5 of the Dungeon
  2417 | D:5      | Noticed an ogre
  2419 | D:5      | 2419 ||| RETREATING.
  2421 | D:5      | 2421 ||| RETREATING.
  2423 | D:5      | 2423 ||| Stepping ~*~*~tactically~*~*~ (retreating).
  2429 | D:5      | Killed an ogre
  2430 | D:5      | Reached XP level 6. HP: 38/39 MP: 6/6
  2714 | D:5      | Reached skill level 7 in Ranged Weapons
  2714 | D:5      | Reached XP level 7. HP: 44/44 MP: 7/7
  2741 | D:5      | Found a staircase to the Ecumenical Temple.
  2742 | D:5      | 2742 ||| PLANNING TEMPLE
  2742 | D:5      | 2742 ||| READING 2 scrolls of identify.
  2742 | D:5      | 2742 ||| IDENTIFYING white potion
  2743 | D:5      | 2743 ||| DROPPING potion of berserk rage.
  2752 | Temple   | Found a transporter.
  2752 | Temple   | Found a transporter.
  2752 | Temple   | Found a transporter.
  2752 | Temple   | Found a transporter.
  2752 | Temple   | Entered the Ecumenical Temple
  2753 | Temple   | 2753 ||| PLANNING D:1-11
  2773 | Temple   | 2773 ||| PLANNING OKAWARU WORSHIP
  2778 | Temple   | Became a worshipper of Warmaster Okawaru
  2779 | Temple   | 2779 ||| PLANNING D:1-11
  3238 | D:5      | 3238 ||| SWAPPING to +0 orcbow.
  3267 | D:5      | 3267 ||| DROPPING +0 shortbow of draining.
  3409 | D:5      | 3409 ||| UPGRADING to +0 leather armour of fire resistance.
  3419 | D:5      | 3419 ||| READING scroll labelled YRUXAJOHUG.
  3424 | D:5      | 3424 ||| READING scroll labelled HAESUACL LIMMO.
  3425 | D:5      | 3425 ||| DRINKING 2 fizzy purple potions.
  3470 | D:5      | 3470 ||| DROPPING potion of lignification.
  3613 | D:6      | Reached skill level 8 in Ranged Weapons
  3627 | D:6      | Reached * piety under Okawaru
  3628 | D:6      | Reached XP level 8. HP: 49/49 MP: 8/8
  3633 | D:6      | Reached skill level 1 in Invocations
  3792 | D:6      | Found Luasket's Self-Published Books.
  3960 | D:6      | 3960 ||| INVOKING Heroism.
  3966 | D:6      | Reached skill level 3 in Invocations
  4057 | D:6      | 4057 ||| INVOKING Heroism.
  4058 | D:6      | 4058 ||| RETREATING.
  4073 | D:6      | Reached skill level 9 in Ranged Weapons
  4083 | D:6      | 4083 ||| FLEEEEING.
  4084 | D:6      | 4084 ||| FLEEEEING.
  4178 | D:6      | 4178 ||| RETREATING.
  4181 | D:6      | 4181 ||| Stepping ~*~*~tactically~*~*~ (retreating).
  4192 | D:6      | Reached skill level 6 in Fighting
  4227 | D:6      | 4227 ||| INVOKING Heroism.
  4229 | D:6      | Reached XP level 9. HP: 35/55 MP: 9/12
  4324 | D:6      | 4324 ||| INVOKING Heroism.
  4337 | D:6      | Reached skill level 10 in Ranged Weapons
  4344 | D:6      | Reached ** piety under Okawaru
  4364 | D:6      | 4364 ||| FLEEEEING.
  4545 | D:6      | 4545 ||| Stepping ~*~*~tactically~*~*~ (outnumbered).
  4560 | D:6      | 4560 ||| INVOKING Heroism.
  4572 | D:6      | Reached skill level 3 in Dodging
  4879 | D:6      | 4879 ||| UPGRADING to +1 ring mail of fire resistance.
  4889 | D:6      | 4889 ||| DROPPING +0 ring mail.
  4890 | D:6      | 4890 ||| DROPPING +0 leather armour of fire resistance.
  4891 | D:6      | 4891 ||| READING scroll labelled PUUKKI YCEKORR.
  4892 | D:6      | 4892 ||| READING scroll labelled REECEF WOASIGO.
  4892 | D:6      | Identified a scroll of acquirement
  4892 | D:6      | 4892 ||| ACQUIRING 488 gold pieces
  4892 | D:6      | Acquired 488 gold pieces
  4944 | D:7      | 4944 ||| INVOKING Heroism.
  4947 | D:7      | Reached skill level 3 in Armour
  5172 | D:7      | Found a snail-covered altar of Cheibriados.
  5173 | D:7      | 5173 ||| READING 4 scrolls of identify.
  5173 | D:7      | 5173 ||| IDENTIFYING bubbling orange potion
  5174 | D:7      | 5174 ||| DROPPING potion of ambrosia.
  5354 | D:7      | 5354 ||| Stepping ~*~*~tactically~*~*~ (outnumbered).
  5359 | D:7      | 5359 ||| RETREATING.
  5360 | D:7      | 5360 ||| Stepping ~*~*~tactically~*~*~ (retreating).
  5361 | D:7      | 5361 ||| Stepping ~*~*~tactically~*~*~ (retreating).
  5370 | D:7      | 5370 ||| INVOKING Heroism.
  5374 | D:7      | HP: 13/57 [wight/+0 battleaxe (11)]
  5375 | D:7      | 5375 ||| DRINKING potion of heal wounds.
  5379 | D:7      | HP: 5/57 [wight/+0 great sword (10)]
  5381 | D:7      | Slain by a wight

Levels and vault maps discovered:
D:1:      elethiomel_arrival_quiet, layout_loops_corners,
          shapermc_ecumenical_altar_mp_urbaneastern
D:2:      layout_loops_ring
D:3:      cheibrodos_helix_gallery, layout_basic, serial_shops,
          nicolae_shop_tiny_waterfront
D:4:      layout_basic, ashenzari_altar_1, st_stairs_14
D:5:      layout_basic, minmay_temple_entry_waves, serial_glass,
          glass_columns_a, glass_columns_b, glass_columns_b, glass_columns_c,
          glass_columns_a, glass_columns_c, glass_columns_c, glass_columns_a,
          minmay_misc_feat_x
D:6:      cheibrodos_fertilizer, layout_gridville, grunt_ministairs_13,
          nicolae_custom_books, st_stairs_2
D:7:      layout_gridville, cheibrodos_worm_habitat,
          minmay_fractal_squares_gapless_5
Temple:   hellmonk_temple_divided_pantheon

Skill      XL: |  1  2  3  4  5  6  7  8  9 |
---------------+----------------------------+-----
Ranged Weapons | 5 6 7 8 9 10 | 10.5
Fighting       | 3 4 5 6 7 |  7.0
Armour         | 1 2 3 |  3.2
Dodging        | 2 3 |  3.0
Invocations    | 4 |  4.0
Stealth        | |  1.1

Action                     |  1- 3 |  4- 6 |  7- 9 || total
---------------------------+-------+-------+-------++-------
   Fire: Shortbow          |    90 |   121 |    38 ||   249
         Orcbow            |       |       |   323 ||   323
 Invoke: Heroism           |       |       |     7 ||     7
    Use: Scroll            |     5 |     4 |     6 ||    15
         Potion            |     2 |     1 |     2 ||     5
 Armour: Leather armour    |    13 |       |    60 ||    73
         Ring mail         |       |    34 |    82 ||   116
  Dodge: Dodged            |    23 |    35 |   132 ||   190

Table legend:
 A = Non-vault XP
 B = Vault XP
 C = Vault XP percentage of total XP
 D = Non-vault monster count
 E = Vault monster count
 F = Vault count percentage of total count
                 A         B        C        D         E       F
            +---------+---------+-------+---------+---------+-------
      Total |    2753 |    1166 |  29.8 |     130 |      29 |  18.2
            +---------+---------+-------+---------+---------+-------
        D:1 |      48 |       0 |   0.0 |      29 |       0 |   0.0
        D:2 |      32 |       0 |   0.0 |      11 |       0 |   0.0
        D:3 |      87 |       4 |   4.4 |      21 |       2 |   8.7
        D:4 |      55 |       4 |   6.8 |       7 |       2 |  22.2
        D:5 |     716 |       0 |   0.0 |      23 |       0 |   0.0
        D:6 |     934 |    1153 |  55.2 |      22 |      24 |  52.2
        D:7 |     881 |       5 |   0.6 |      17 |       1 |   5.6
            +---------+---------+-------+---------+---------+-------
